 Dungeon Crawl Stone Soup version 0.30-a0-292-g0f741e3f8e (webtiles) character file.

Game seed: 15621577558264138736

68 sleeves the Vexing (level 4, 0/32 HPs)
             Began as a Barachi Hexslinger on Oct 18, 2022.
             Slain by a kobold
             ... wielding a +0 whip
              (3 damage)
             ... on level 3 of the Dungeon.
             The game lasted 00:04:03 (1773 turns).

sleeves the Vexing (Barachi Hexslinger)             Turns: 1773, Time: 00:04:03

Health: 0/32       AC:  3    Str: 14    XL:     4   Next: 19%
Magic:  4/5        EV: 11    Int: 13    God:
Gold:   156        SH:  0    Dex: 12    Spells: 4/5 levels left

rFire   . . .      SeeInvis .    h - +0 trident
rCold   x . .      Faith    .    (no shield)
rNeg    . . .      Spirit   .    i - +0 leather armour
rPois   .          Reflect  .    (no helmet)
rElec   .          Harm     .    (no cloak)
rCorr   .          Rampage  .    (no gloves)
Will    .....                    (no boots)
Stlth   +.........               (no amulet)
HPRegen 0.25/turn                (no ring)
MPRegen 0.09/turn                (no ring)

@: mighty, unable to hop, slow
A: amphibious, slowness 1, strong legs 1, +LOS, sense surroundings 1, cold
vulnerability 1, MP-powered wands
a: Hop


You were on level 3 of the Dungeon.
You visited 1 branch of the dungeon, and saw 3 of its levels.

You collected 156 gold pieces.

Inventory:

Hand Weapons
 a - a +1 sling
 h - a +0 trident (weapon)
   (You took it off an orc on level 2 of the Dungeon)
Armour
 c - a +0 robe
 i - a +0 leather armour (worn)
   (You took it off an orc on level 2 of the Dungeon)
Scrolls
 b - 2 scrolls of poison
 d - a scroll of brand weapon {unknown}
 e - a scroll of teleportation {unknown}
 g - a scroll of fog {unknown}
 j - 2 scrolls of identify {unknown}
 k - a scroll of immolation {unknown}
 l - 3 scrolls of silence {unknown}


   Skills:
 - Level 1.2 Fighting
 + Level 2.6 Polearms
 - Level 3.2 Ranged Weapons
 - Level 2.1 Dodging
 - Level 1.1 Spellcasting
 - Level 3.2 Hexes


You had 4 spell levels left.
You knew the following spells:

 Your Spells              Type           Power      Damage    Failure   Level
a - Slow                  Hex            36%        N/A       10%         1

Your spell library contained the following spells:

 Spells                   Type           Power      Damage    Failure   Level
 Dazzling Flash           Conj/Hex       8%         N/A       47%         3
 Inner Flame              Hex/Fire       4%         N/A       47%         3
 Portal Projectile        Hex/Tloc       8%         N/A       47%         3
 Cause Fear               Hex            4%         N/A       67%         4
 Silence                  Hex/Air        2%         N/A       99%         5
 Agony                    Necr           0%         N/A       100%        5


Dungeon Overview and Level Annotations

Branches:
Dungeon (3/15)

Altars:

Shops:
D:3 (


Innate Abilities, Weirdness & Mutations

You are amphibious.
You cover ground slowly.
You can hop short distances.
You have an extended range of vision and can be seen from far away.
You passively map a small area around you.
You are vulnerable to cold. (rC-)
You expend magic power (3 MP) to strengthen your wands.


Message History

Welcome, sleeves the Barachi Hexslinger.
Will you be the one to retrieve the fabulous Orb of Zot from the depths?
Press ? for a list of commands and other information.
Found a staircase leading out of the dungeon.
You open the door.
There is an open door here.
b - 2 scrolls of poison (gained 1)
Found a chain mail.
You now have 9 gold pieces.
Found a stone staircase leading down.
d - a scroll labelled GAOVAP RUAGHYAD A kobold comes into view.
It is wielding a +0 dagger.
The kobold shouts!
The kobold throws a stone.
The stone hits you.
A kobold is nearby!
A kobold is nearby!
You shoot a sling bullet.
The sling bullet barely misses the kobold.
You shoot a sling bullet. The sling bullet hits the kobold.
You kill the kobold!
Things that are here:
a +0 dagger; 2 stones
Found a ring mail.
You see here a +0 ring mail.
Found a stone staircase leading down.
A kobold comes into view. It is wielding a +0 short sword.
The kobold shouts!
You hear an angry hiss.
A ball python comes into view.
There are monsters nearby!
You shoot a sling bullet. The sling bullet hits the kobold.
You kill the kobold!
You shoot a sling bullet. The sling bullet hits the ball python!
You kill the ball python!
There is a stone staircase leading down here.
You open the door.
There is an open door here.
There is an open door here.
You now have 16 gold pieces (gained 7).
e - a scroll labelled EDUXAHYIMPE
Found a leather armour.
You now have 26 gold pieces (gained 10).
You now have 36 gold pieces (gained 10).
Found a leather armour.
No target in view!
You now have 43 gold pieces (gained 7).
A rat comes into view.
A rat is nearby!
A rat is nearby!
You shoot a sling bullet. The sling bullet hits the rat.
You kill the rat!
A ball python comes into view.
You see here a +0 leather armour.
A ball python is nearby!
A ball python is nearby!
You shoot a sling bullet. The sling bullet hits the ball python.
The ball python is moderately wounded.
You shoot a sling bullet. The sling bullet hits the ball python!
You kill the ball python!
Found a mace.
Found a stone staircase leading down.
You see here a ball python corpse.
A dart slug comes into view.
The dart slug launches a dart at you. The slug dart hits you.
A dart slug is nearby!
A dart slug is nearby!
You shoot a sling bullet.
The sling bullet completely misses the dart slug.
You shoot a sling bullet.
The sling bullet completely misses the dart slug.
You shoot a sling bullet. The sling bullet hits the dart slug.
The dart slug is moderately wounded.
You shoot a sling bullet. The sling bullet hits the dart slug!
You kill the dart slug!
HP restored.
You see here a dart slug corpse.
A rat comes into view.
A rat is nearby!
A rat is nearby!
You shoot a sling bullet.
The sling bullet hits the rat but does no damage.
You shoot a sling bullet. The sling bullet hits the rat.
You kill the rat!
You have reached level 2!
A kobold comes into view. It is wielding a +0 short sword.
The kobold shouts!
A ball python comes into view.
There are monsters nearby!
There are monsters nearby!
You shoot a sling bullet. The sling bullet hits the kobold.
The kobold is severely wounded.
You shoot a sling bullet.
The sling bullet barely misses the kobold.
You shoot a sling bullet. The sling bullet hits the ball python.
The ball python is heavily wounded.
The kobold throws a stone.
The stone misses you.
You shoot a sling bullet.
The sling bullet barely misses the ball python.
You shoot a sling bullet. The sling bullet hits the ball python.
You kill the ball python!
You shoot a sling bullet. The sling bullet hits the kobold.
You kill the kobold!
No target in view!
You see here a ball python corpse.
Things that are here:
a +0 short sword; 2 stones; a kobold corpse
Found 4 stones.
A rat comes into view.
A rat is nearby!
A rat is nearby!
You shoot a sling bullet. The sling bullet barely misses the rat.
You shoot a sling bullet. The sling bullet barely misses the rat.
The rat barely misses you.
You shoot a sling bullet. The sling bullet hits the rat.
You kill the rat!
No target in view!
You see here a rat corpse.
You see here a rat corpse.
A kobold comes into view. It is wielding a +0 short sword.
A kobold is nearby!
A kobold is nearby!
A kobold is nearby!
You shoot a sling bullet. The sling bullet hits the kobold.
You kill the kobold!
A goblin comes into view. It is wielding a +0 dagger.
The goblin shouts!
A goblin is nearby!
A goblin is nearby!
You shoot a sling bullet.
The sling bullet closely misses the goblin.
You shoot a sling bullet.
The sling bullet hits the goblin but does no damage.
You shoot a sling bullet. The sling bullet hits the goblin.
You kill the goblin!
You see here a +0 dagger.
You now have 53 gold pieces (gained 10).
You see here a +0 dagger.
A quokka and a frilled lizard come into view.
The frilled lizard hisses angrily.
There are monsters nearby!
There are monsters nearby!
You shoot a sling bullet.
The sling bullet hits the frilled lizard.
The frilled lizard is severely wounded.
You shoot a sling bullet.
The sling bullet barely misses the frilled lizard.
The frilled lizard bites you but does no damage.
You shoot a sling bullet.
The sling bullet barely misses the frilled lizard.
The frilled lizard bites you.
You shoot a sling bullet.
The sling bullet hits the frilled lizard.
You kill the frilled lizard!
You shoot a sling bullet.
The sling bullet barely misses the quokka.
The quokka barely misses you. The quokka closely misses you.
You shoot a sling bullet. The sling bullet misses the quokka.
The quokka barely misses you.
You shoot a sling bullet.
The sling bullet barely misses the quokka.
The quokka bites you. The quokka closely misses you.
You shoot a sling bullet.
The sling bullet barely misses the quokka.
The quokka bites you.
You shoot a sling bullet. The sling bullet hits the quokka.
The quokka is almost dead.
The quokka bites you but does no damage.
The quokka closely misses you.
You shoot a sling bullet.
The sling bullet barely misses the quokka.
The quokka bites you.
You shoot a sling bullet.
The sling bullet barely misses the quokka.
The quokka barely misses you.
The quokka bites you but does no damage.
You shoot a sling bullet.
The sling bullet closely misses the quokka.
The quokka bites you.
Aiming: Slow (safe; 8% risk of failure)
Press: ? - help, Q - select action, (/) - cycle Shift-Dir - straight line, f/p - quokka
Aim: a quokka (almost dead, chance to affect: 61%)
The quokka seems to slow down.
The quokka bites you but does no damage.
Aiming: Slow (safe; 8% risk of failure)
Press: ? - help, Q - select action, (/) - cycle Shift-Dir - straight line, f/p - quokka
Aim: a quokka (almost dead, slow, chance to affect: 61%)
The quokka resists with significant effort.
The quokka bites you.
You shoot a sling bullet.
The sling bullet closely misses the quokka.
The quokka barely misses you.
You shoot a sling bullet.
The sling bullet barely misses the quokka.
The quokka misses you.
You shoot a sling bullet.
The sling bullet hits the quokka but does no damage.
The quokka is almost dead.
The quokka closely misses you.
You shoot a sling bullet.
The sling bullet hits the quokka but does no damage.
The quokka is almost dead.
The quokka bites you but does no damage.
You shoot a sling bullet.
The sling bullet barely misses the quokka.
The quokka closely misses you.
You shoot a sling bullet. The sling bullet hits the quokka.
You kill the quokka!
Your Ranged Weapons skill increases to level 3!
Magic restored.
You see here a rat corpse.
You open the door.
There is an open door here.
You now have 61 gold pieces (gained 8).
Key pressed, stopping explore.
There is an open door here.
You open the door.
There is an open door here.
Found two escape hatches in the floor.
There is an open door here.
There is an open door here.
There is an open door here.
Done exploring.
(D) Dungeon
Where to? (? - help)
There is a stone staircase leading down here.
You climb downwards.
There is a stone staircase leading up here.
A frilled lizard comes into view.
The frilled lizard hisses angrily.
A frilled lizard is nearby!
A frilled lizard is nearby!
A frilled lizard is nearby!
You shoot a sling bullet.
The sling bullet hits the frilled lizard.
You kill the frilled lizard!
Found a leather armour.
You see here a +0 leather armour.
f - a puce potion
Found a robe.
A hobgoblin comes into view.
A hobgoblin is nearby!
A hobgoblin is nearby!
You shoot a sling bullet. The sling bullet hits the hobgoblin.
The hobgoblin shouts!
The hobgoblin is moderately wounded.
An orc comes into view. It is wielding a +0 trident.
There are monsters nearby!
You shoot a sling bullet. The orc shouts!
The sling bullet hits the hobgoblin.
You kill the hobgoblin!
No target in view!
You shoot a sling bullet. The sling bullet hits the orc.
The orc is moderately wounded.
You shoot a sling bullet.
The sling bullet closely misses the orc.
A hobgoblin comes into view.
You shoot a sling bullet. The hobgoblin shouts!
The sling bullet hits the orc.
The orc is heavily wounded.
The orc hits you but does no damage.
You shoot a sling bullet. The sling bullet hits the orc.
The orc is severely wounded.
The orc hits you from afar with a +0 trident!
You are too injured to fight recklessly!
You are too injured to fight recklessly!
Aiming: Slow (safe; 8% risk of failure)
Press: ? - help, Q - select action, (/) - cycle Shift-Dir - straight line, f/p - orc
Aim: an orc, wielding a +0 trident and wearing a +0 leather armour (severely wounded, chance to affect: 61%)
The orc resists with significant effort.
The orc hits you but does no damage.
Aiming: Slow (safe; 8% risk of failure)
Press: ? - help, Q - select action, (/) - cycle Shift-Dir - straight line, f/p - orc
Aim: an orc, wielding a +0 trident and wearing a +0 leather armour (severely wounded, chance to affect: 61%)
The orc seems to slow down.
You are too injured to fight recklessly!
You are too injured to fight recklessly!
You are too injured to fight recklessly!
You are too injured to fight recklessly!
You are too injured to fight recklessly!
Fire: a) +1 sling
Press: ? - help, Q - select action, (/) - cycle Shift-Dir - straight line, f/p - orc
Aim: an orc, wielding a +0 trident and wearing a +0 leather armour (severely wounded, slow, 56% to hit)
You shoot a sling bullet.
The sling bullet closely misses the orc.
The sling bullet hits the hobgoblin.
You kill the hobgoblin!
The orc hits you but does no damage.
Fire: a) +1 sling
Press: ? - help, Q - select action, (/) - cycle Shift-Dir - straight line, f/p - orc
Aim: an orc, wielding a +0 trident and wearing a +0 leather armour (severely wounded, slow, 56% to hit)
You shoot a sling bullet. The sling bullet barely misses the orc.
The orc hits you from afar with a +0 trident!
* * * LOW HITPOINT WARNING * * *
Fire: a) +1 sling
Press: ? - help, Q - select action, (/) - cycle Shift-Dir - straight line, f/p - orc
Aim: an orc, wielding a +0 trident and wearing a +0 leather armour (heavily wounded, slow, 56% to hit)
You shoot a sling bullet. The sling bullet hits the orc.
You kill the orc!
Unknown command.
Magic restored.
HP restored.
You now have 69 gold pieces (gained 8).
Things that are here:
a +0 trident; a +0 leather armour You see here a +0 robe.
g - a scroll labelled YJOTSO CEBBI You see here a +0 dagger.
Found an escape hatch in the floor.
Unknown command.
Search for what [? for help]? pole You see here a +0 dagger.
You see here a hobgoblin corpse.
Things that are here:
a +0 trident; a +0 leather armour
h - a +0 trident
h - a +0 trident (weapon)
A worm comes into view.
A worm is nearby!
A worm is nearby!
Found 8 gold pieces.
You reach to attack!
The helpless worm fails to defend itself.
You hit the worm but do no damage. You hit the worm.
The worm is lightly wounded.
The worm closely misses you.
You hit the worm.
The worm is moderately wounded.
The worm closely misses you.
You hit the worm.
The worm is moderately wounded.
You barely miss the worm.
The worm is moderately wounded.
The worm bites you.
You barely miss the worm.
The worm is moderately wounded.
The worm closely misses you.
You barely miss the worm.
The worm is moderately wounded.
The worm bites you!
* * * LOW HITPOINT WARNING * * *
You are too injured to fight recklessly!
You are too injured to fight recklessly!
Hop to where?
Press: ? - help, Dir - move target, p - worm Boing!
You see here a +0 leather armour.
i - a +0 leather armour
Found a stone staircase leading down.
You start removing your armour.
You continue taking off your +0 robe. x4
You finish taking off your +0 robe.
You start putting on your armour.
You continue putting on your +0 leather armour. x5
You finish putting on your +0 leather armour.
You now have 77 gold pieces (gained 8).
A worm is nearby!
A worm is nearby!
A worm is nearby!
You reach to attack!
You hit the worm.
The worm is moderately wounded.
You puncture the worm!
The worm is severely wounded.
The worm bites you!
You are too injured to fight recklessly!
Reach: h) +0 trident
Press: ? - help, Dir - move target, f/p - worm
Aim: a worm (heavily wounded, about 25% to evade your +0 trident)
You reach to attack!
You hit the worm.
The worm is almost dead.
You are ready to hop once more.
Reach: h) +0 trident
Press: ? - help, Dir - move target, f/p - worm
Aim: a worm (severely wounded, about 25% to evade your +0 trident)
You reach to attack!
You hit the worm.
The worm is almost dead.
Reach: h) +0 trident
Press: ? - help, Dir - move target, f/p - worm
Aim: a worm (severely wounded, about 25% to evade your +0 trident)
You reach to attack!
You hit the worm.
The worm is almost dead.
Reach: h) +0 trident
Press: ? - help, Dir - move target, f/p - worm
Aim: a worm (almost dead, about 25% to evade your +0 trident)
You completely miss the worm.
The worm is almost dead.
The worm barely misses you.
Reach: h) +0 trident
Press: ? - help, Dir - move target, f/p - worm
Aim: a worm (almost dead, about 25% to evade your +0 trident)
You hit the worm but do no damage.
The worm is almost dead.
The worm bites you.
Reach: h) +0 trident
Press: ? - help, Dir - move target, f/p - worm
Aim: a worm (severely wounded, about 25% to evade your +0 trident)
You reach to attack!
You puncture the worm!
You kill the worm!
You see here a worm corpse.
You see here a +0 robe.
You see here a +0 dagger.
A ball python and a bat come into view.
There are monsters nearby!
You reach to attack!
You barely miss the ball python. The ball python closely misses you.
The ball python grabs you. The ball python constricts you.
You closely miss the ball python. The ball python closely misses you.
The ball python constricts you. The ball python bites you.
The ball python constricts you.
You barely miss the ball python.
The ball python bites you but does no damage.
The ball python constricts you.
You hit the ball python.
You kill the ball python!
The bat closely misses you.
You miss the bat. The bat barely misses you. The bat closely misses you.
You hit the bat.
You kill the bat!
You have reached level 3!
Your experience leads to an increase in your attributes!
Increase (S)trength, (I)ntelligence, or (D)exterity?
You feel stronger. x2
You now have 93 gold pieces (gained 16).
j - a scroll labelled DINOWNAHEN
k - a fizzy coppery potion
Found a stone staircase leading up.
Found a scale mail.
Found an escape hatch in the ceiling.
No target in view!
No target in view!
There is an escape hatch in the ceiling here.
A ball python comes into view.
Found 12 gold pieces.
A ball python is nearby!
A ball python is nearby!
A ball python is nearby!
A ball python comes into view.
The ball python hisses angrily.
You puncture the ball python!
You kill the ball python!
The ball python hisses angrily.
A rat comes into view.
You reach to attack!
You puncture the ball python!
You kill the ball python!
Your Polearms skill increases to level 1!
You hit the rat.
You kill the rat!
No target in view!
No target in view!
Things that are here:
a rat corpse; a ball python corpse You now have 105 gold pieces (gained 12).
A goblin comes into view. It is wielding a +0 club.
The goblin shouts!
A goblin is nearby!
A goblin is nearby!
Found a stone staircase leading down.
A black bear comes into view.
You reach to attack!
The black bear growls angrily.
You hit the goblin.
You kill the goblin!
The black bear misses you. The black bear claws you. x2
Really walk into that dispersal trap?
You enter a dispersal trap!
The black bear blinks!
You blink.
Found a pink potion.
There is a stone staircase leading down here.
You climb downwards.
There is a stone staircase leading up here.
HP restored.
An endoplasm comes into view.
An endoplasm is nearby!
An endoplasm is nearby!
You reach to attack!
The helpless endoplasm fails to defend itself.
You hit the endoplasm.
The endoplasm is moderately wounded.
The endoplasm freezes you.
You are frozen.
You hit the endoplasm but do no damage.
The endoplasm is moderately wounded.
The endoplasm closely misses you.
An endoplasm is nearby!
An endoplasm is nearby!
An endoplasm is nearby!
You hit the endoplasm.
The endoplasm is heavily wounded.
The endoplasm misses you.
You hit the endoplasm.
You kill the endoplasm!
No target in view!
No target in view!
No target in view!
You open the door.
An adder comes into view.
Found 12 gold pieces.
An adder is nearby!
An adder is nearby!
Found an escape hatch in the ceiling.
There is an open door here.
You reach to attack!
You hit the adder.
The adder is moderately wounded.
The adder closely misses you.
You completely miss the adder.
The adder is moderately wounded.
The adder bites you but does no damage.
You miss the adder.
The adder is moderately wounded.
The adder misses you. The adder bites you.
You miss the adder.
The adder is moderately wounded.
The adder barely misses you. The adder misses you.
You closely miss the adder.
The adder is moderately wounded.
The adder bites you.
You are poisoned.
The adder poisons you!
You miss the adder.
The adder is moderately wounded.
You feel sick. The adder bites you. x2
You are too injured to fight recklessly!
You are too injured to fight recklessly!
You are too injured to fight recklessly!
An adder is nearby!
An adder is nearby!
An adder is nearby!
You are too injured to fight recklessly!
You barely miss the adder.
The adder is moderately wounded.
You feel sick. The adder bites you.
You closely miss the adder.
The adder is moderately wounded.
You feel sick.
You are no longer poisoned.
The adder bites you but does no damage. The adder barely misses you.
You hit the adder.
The adder is almost dead.
The adder closely misses you. The adder bites you but does no damage.
You closely miss the adder.
The adder is almost dead.
The adder barely misses you.
You barely miss the adder.
The adder is almost dead.
The adder bites you but does no damage. The adder misses you.
You hit the adder.
You kill the adder!
You now have 117 gold pieces (gained 12).
You open the door.
There is an open door here.
Found 2 stones.
Found a stone staircase leading up.
You now have 125 gold pieces (gained 8).
You pick up a book of the Senses and begin reading...
You add the spells Dazzling Flash, Agony and Silence to your library.
Natasha, Servant of Life and Death comes into view.
Natasha is nearby!
Natasha is nearby!
Natasha mumbles some strange words.
Natasha resists with some effort.
You hit Natasha.
Natasha is lightly wounded.
Natasha claws you. Natasha barely misses you.
Natasha resists with some effort.
Natasha closely misses you.
Natasha resists with some effort.
Natasha barely misses you.
Natasha resists with some effort.
* * * LOW MAGIC WARNING * * *
Natasha claws you.
You are too injured to fight recklessly!
You don't have enough magic to cast this spell.
Unknown command.
Reach: h) +0 trident
Press: ? - help, Dir - move target, f/p - Natasha
Aim: Natasha (lightly wounded, about 55% to evade your +0 trident)
You hit Natasha but do no damage.
Natasha is lightly wounded.
Natasha barely misses you.
Reach: h) +0 trident
Press: ? - help, Dir - move target, f/p - Natasha
Aim: Natasha (lightly wounded, about 55% to evade your +0 trident)
You closely miss Natasha.
Natasha is lightly wounded.
Natasha claws you.
Reach: h) +0 trident
Press: ? - help, Dir - move target, f/p - Natasha
Aim: Natasha (lightly wounded, about 55% to evade your +0 trident)
You barely miss Natasha.
Natasha is lightly wounded.
Natasha barely misses you.
Reach: h) +0 trident
Press: ? - help, Dir - move target, f/p - Natasha
Aim: Natasha (lightly wounded, about 55% to evade your +0 trident)
You closely miss Natasha.
Natasha is lightly wounded.
Natasha closely misses you.
The crimson imp blinks!
Natasha casts a spell at you.
You feel yourself slow down.
Hop to where?
Press: ? - help, Dir - move target, p - Natasha Boing!
You aren't carrying any items that you can evoke.
It was a potion of haste.
You feel yourself speed up. Natasha claws you.
You barely miss Natasha.
Natasha is lightly wounded.
Natasha barely misses you.
It was a potion of lignification.
You turn into a tree.
Your +0 leather armour melds into your body.
Your roots penetrate the ground.
Natasha claws you.
You barely miss Natasha.
Natasha is lightly wounded.
Natasha claws you but does no damage.
You hit Natasha.
Natasha is heavily wounded.
Natasha claws you but does no damage.
You barely miss Natasha.
Natasha is heavily wounded.
Natasha completely misses you.
You closely miss Natasha.
Natasha is heavily wounded.
Natasha claws you but does no damage.
Natasha stares at you and mumbles some strange words.
The magic dart hits you but does no damage.
You hit Natasha.
Natasha is severely wounded.
Natasha barely misses you.
You hit Natasha but do no damage.
Natasha is severely wounded.
Natasha claws you but does no damage.
You closely miss Natasha.
Natasha is severely wounded.
Natasha claws you but does no damage.
You closely miss Natasha.
Natasha is severely wounded.
Natasha claws you but does no damage.
You closely miss Natasha.
Natasha is severely wounded.
Natasha claws you but does no damage.
Natasha stares at you and mumbles some strange words.
You resist with significant effort.
You barely miss Natasha.
Natasha is severely wounded.
Natasha extends her claws.
Natasha barely misses you.
You hit Natasha but do no damage.
Natasha is heavily wounded.
Natasha claws you but does no damage.
You closely miss Natasha.
Natasha is heavily wounded.
You feel yourself speed up. Natasha claws you but does no damage.
You hit Natasha.
Natasha is severely wounded.
Natasha casts a spell at you.
The magic dart hits you but does no damage.
You puncture Natasha!
You kill Natasha!
Natasha growls in agony!
You are ready to hop once more.
Your Polearms skill increases to level 2!
You have reached level 4!
You feel stronger.
Your transformation is almost over.
Your extra speed is starting to run out.
You feel less wooden.
Your +0 leather armour unmelds from your body.
You feel yourself slow down.
Magic restored.
You see here the felid corpse of Natasha.
Found a faded altar of an unknown god.
Found a mace.
f - a bubbling brown potion You see here an orb of mayhem.
A bat comes into view.
A bat is nearby!
A bat is nearby!
Found 12 gold pieces.
You miss the bat. The bat barely misses you. The bat hits you.
You hit the bat.
The bat is severely wounded.
The bat barely misses you. The bat misses you. The bat barely misses you.
You reach to attack!
You miss the bat.
The bat is severely wounded.
The bat barely misses you.
You reach to attack!
You miss the bat.
The bat is severely wounded.
The bat barely misses you.
You reach to attack!
You closely miss the bat.
The bat is severely wounded.
The bat hits you but does no damage. The bat barely misses you.
You reach to attack!
You barely miss the bat.
The bat is severely wounded.
The bat barely misses you. The bat hits you but does no damage.
You puncture the bat!
You kill the bat!
No target in view!
No target in view!
Search for what [Enter for "pole", or ? for help]? alt You see here an orb of mayhem.
There is a faded altar of an unknown god here.
This altar belongs to (a) Qazlal, (b) Makhleb or (c) Fedhas, but you can't tell which.
Press the corresponding letter to learn more about a god, or press enter to convert or escape to cancel.
Okay, then.
Unknown command.
Press < or > to pray at altars.
Unknown command.
Press < or > to pray at altars.
You open the door.
Found a ring mail.
There is an open door here.
You open the door.
There is an open door here.
You now have 137 gold pieces (gained 12).
Found a stone staircase leading up.
A rat comes into view.
A rat is nearby!
You reach to attack!
You closely miss the rat. The rat bites you.
You closely miss the rat. The rat bites you but does no damage.
You hit the rat.
The rat is moderately wounded.
The rat closely misses you.
You closely miss the rat.
The rat is moderately wounded.
The rat misses you.
You closely miss the rat.
The rat is moderately wounded.
The rat closely misses you.
You hit the rat but do no damage.
The rat is moderately wounded.
The rat bites you.
You barely miss the rat.
The rat is moderately wounded.
The rat bites you. x2
You hit the rat.
You kill the rat!
Found an escape hatch in the floor.
Found a stone staircase leading down.
There is an escape hatch in the floor here.
Found a ring mail.
No target in view!
Found a sling.
You see here a +0 ring mail.
k - a scroll labelled ZEUGIT DECK You open the door.
Found a whip.
Found a stone staircase leading down.
There is an open door here.
Found Kakir's Antique Weapon Shoppe.
A bat and a frilled lizard come into view.
The frilled lizard hisses angrily.
There are monsters nearby!
The bat closely misses you. The bat barely misses you.
You hit the bat.
The bat is severely wounded.
The bat hits you but does no damage. x2
The bat closely misses you.
You hit the bat.
You kill the bat!
You barely miss the frilled lizard. The frilled lizard barely misses you.
You puncture the frilled lizard!
You kill the frilled lizard!
No target in view!
No target in view!
You see here a frilled lizard corpse.
There is an entrance to Kakir's Antique Weapon Shoppe here.
j - 2 scrolls labelled DINOWNAHEN (gained 1)
You now have 144 gold pieces (gained 7).
You now have 156 gold pieces (gained 12).
Key pressed, stopping explore.
l - 3 scrolls labelled TOETUBBEPHINT
m - a fuming cyan potion You open the gate. 5 kobolds come into view.
A kobold is wielding a +2 dagger of speed.
A kobold is wielding a +2 dagger of freezing.
The kobold shouts! x2
A kobold comes into view. It is wielding a +0 short sword.
Found a scroll labelled MATUIRPH YNUGIB.
There are monsters nearby!
There are monsters nearby!
The kobold shouts!
The kobold closely misses you.
You hit the kobold.
You kill the kobold!
You closely miss the kobold. The kobold hits you but does no damage.
You miss the kobold. The kobold closely misses you.
You barely miss the kobold.
The kobold hits you with a +2 dagger of freezing.
The kobold freezes you. The kobold closely misses you.
You hit the kobold.
The kobold is moderately wounded.
The kobold hits you with a +2 dagger of freezing.
The kobold freezes you.
You miss the kobold.
The kobold is moderately wounded.
The kobold hits you with a +2 dagger of freezing.
The kobold freezes you.
* * * LOW HITPOINT WARNING * * *
You are too injured to fight recklessly!
You are too injured to fight recklessly!
You are too injured to fight recklessly!
You are too injured to fight recklessly!
You are too injured to fight recklessly!
You are too injured to fight recklessly!
You are too injured to fight recklessly!
You are too injured to fight recklessly!
You are too injured to fight recklessly!
You are too injured to fight recklessly!
You are too injured to fight recklessly!
You are too injured to fight recklessly!
You are too injured to fight recklessly!
You are too injured to fight recklessly!
You are too injured to fight recklessly!
You are too injured to fight recklessly!
You are too injured to fight recklessly!
You are too injured to fight recklessly!
You are too injured to fight recklessly!
You closely miss the kobold.
The kobold is moderately wounded.
The kobold hits you with a +2 dagger of freezing.
* * * LOW HITPOINT WARNING * * *
The kobold freezes you.
* * * LOW HITPOINT WARNING * * *
You barely miss the kobold.
The kobold is moderately wounded.
The kobold hits you with a +2 dagger of freezing.
* * * LOW HITPOINT WARNING * * *
The kobold freezes you.
* * * LOW HITPOINT WARNING * * *
Hop to where?
Press: ? - help, Dir - move target Boing!
Casting: Slow (safe; 10% risk of failure)
Confirm with . or Enter, or press ? or * to list all spells.
Aiming: Slow (safe; 10% risk of failure)
Press: ? - help, Shift-Dir - straight line, f - kobold
Aim: a kobold, wielding a +2 dagger of freezing (sparse dust, moderately wounded, chance to affect: 61%)
The kobold seems to slow down.
You barely miss the kobold.
The kobold is moderately wounded.
The kobold hits you with a +2 dagger of freezing.
* * * LOW HITPOINT WARNING * * *
The kobold freezes you.
* * * LOW HITPOINT WARNING * * *
You hit the kobold.
You kill the kobold!
The kobold throws a stone.
The stone hits you.
* * * LOW HITPOINT WARNING * * *
You aren't carrying any items that you can evoke.
It was a potion of mutation.
You feel extremely strange.
You feel vulnerable to cold.
You feel a strange attunement to the structure of the dungeons.
You feel your magical essence link to the dungeon's wands.
The kobold closely misses you.
It was a potion of might.
You feel very mighty all of a sudden. The kobold hits you with a +0 dagger.
* * * LOW HITPOINT WARNING * * *
You barely miss the kobold. The kobold hits you but does no damage.
You puncture the kobold!
You kill the kobold!
You closely miss the kobold. The kobold hits you with a +0 whip.
You die...

.# ##.##.#.##.#
.K... .# #.##.#.##.#
*#.K.# #......##.#
##'K'## ,.....####.#
#..K..# ###### #(#
###K### .# #..# *,
##.## * ########..#
* #.@KK)...## *
#.######.# , *
...### #.#####
.........##.#...#
##....**#......#.#
##.#.######.#...# *
#.#........##.######
,
#.########.........#
# * #.##.####.#


You could see 2 kobolds.

Vanquished Creatures
  Natasha (D:3)
  An adder (D:3)
  A worm (D:2)
  A dart slug (D:1)
  An orc (D:2)
  3 bats
  An endoplasm (D:3)
  2 hobgoblins (D:2)
  A quokka (D:1)
  6 ball pythons
  3 frilled lizards
  2 goblins
  7 kobolds
  5 rats
35 creatures vanquished.

Vanquished Creatures (others)
  9 toadstools (D:3)
9 creatures vanquished.

Grand Total: 44 creatures vanquished

Notes
Turn   | Place    | Note
-------+----------+-------------------------------------------
     0 | D:1      | sleeves the Barachi Hexslinger began the quest for the Orb.
     0 | D:1      | Reached XP level 1. HP: 15/15 MP: 2/2
   196 | D:1      | Reached XP level 2. HP: 21/21 MP: 3/3
   323 | D:1      | Reached skill level 3 in Ranged Weapons
   677 | D:2      | HP: 4/21 [orc/+0 trident (9)]
   820 | D:2      | HP: 10/21 [worm (7)]
   997 | D:2      | Reached XP level 3. HP: 25/26 MP: 4/4
  1048 | D:2      | Reached skill level 1 in Polearms
  1060 | D:2      | Noticed a black bear
  1219 | D:3      | Noticed Natasha
  1248 | D:3      | Killed Natasha
  1249 | D:3      | Reached skill level 2 in Polearms
  1249 | D:3      | Reached XP level 4. HP: 31/32 MP: 2/5
  1358 | D:3      | Found a faded altar of an unknown god.
  1578 | D:3      | Found Kakir's Antique Weapon Shoppe.
  1762 | D:3      | HP: 16/32 [kobold/+2 dagger of freezing (2)]
  1764 | D:3      | HP: 6/32 [kobold/+2 dagger of freezing (4)]
  1768 | D:3      | HP: 2/32 [kobold/stone (2)]
  1769 | D:3      | Gained mutation: You are vulnerable to cold. (rC-) [potion
                  | of mutation]
  1769 | D:3      | Gained mutation: You passively map a small area around you.
                  | [potion of mutation]
  1769 | D:3      | Gained mutation: You expend magic power (3 MP) to
                  | strengthen your wands. [potion of mutation]
  1773 | D:3      | Slain by a kobold

Illustrated notes

Levels and vault maps discovered:
D:1:      evilmike_arrival_crescent, layout_basic
D:2:      layout_loops_ring, minivault_24, kennysheep_generic_room_8
D:3:      cheibrodos_fertilizer, layout_loops_corners,
          dreamdust_ecumenical_altar_grove, serial_shops,
          nicolae_shop_advertising_works [nicolae_subvault_shop_adworks],
          uniq_natasha

Skill      XL: |  1  2  3 |
---------------+----------+-----
Ranged Weapons | 3 |  3.2
Polearms       | 2 |  2.6
Fighting       | |  1.2
Dodging        | |  2.1
Spellcasting   | |  1.1
Hexes          | |  3.2

Action                   |  1- 3 |  4- 6 || total
-------------------------+-------+-------++-------
Melee: Trident           |    61 |    32 ||    93
 Fire: Sling             |    54 |       ||    54
 Cast: Slow              |     8 |     1 ||     9
 Abil: Hop               |     2 |     1 ||     3
  Use: Potion            |     2 |     2 ||     4
 Stab: Sleeping          |     2 |       ||     2
Armor: Robe              |     8 |       ||     8
       Leather armour    |     5 |     7 ||    12
       Skin              |    11 |       ||    11
Dodge: Dodged            |    42 |    19 ||    61

Table legend: (Time is in decaauts)
 A = Elapsed time spent in this place.
 B = Non-inter-level travel time spent in this place.
 C = Inter-level travel time spent in this place.
 D = Time resting spent in this place.
 E = Time spent auto-exploring this place.
 F = Levels seen in this place.
 G = Mean time per level.
                   A        B        C        D        E       F      G
               +--------+--------+--------+--------+--------+-----+--------+
         Total |   2049 |   1995 |     54 |      0 |   1603 |   3 |  683.0 |
       Dungeon |   2049 |   1995 |     54 |      0 |   1603 |   3 |  683.0 |
               +--------+--------+--------+--------+--------+-----+--------+

Top non-repeatable levels by time:
     D:3: 803 daAuts
     D:1: 659 daAuts
     D:2: 587 daAuts
